 Dungeon Crawl Stone Soup version 0.30-a0-652-gcc886f7154 (webtiles) character file.

Game seed: 10951601365601881899

77 pokeman the Magician (level 4, -3/25 HPs)
             Began as a Deep Elf Hedge Wizard on Jan 17, 2023.
             Slain by a gnoll
             ... wielding a +0 halberd
              (11 damage)
             ... on level 2 of the Dungeon.
             The game lasted 00:05:17 (1556 turns).

pokeman the Magician (Deep Elf Hedge Wizard)        Turns: 1556, Time: 00:05:17

Health: -3/25      AC:  4    Str:  7    XL:     4   Next: 13%
Magic:  0/13       EV: 12    Int: 21    God:
Gold:   81         SH:  0    Dex: 14    Spells: 6/14 levels left

rFire   + . .      SeeInvis .    h - +0 dagger (venom)
rCold   . . .      Faith    .    (no shield)
rNeg    . . .      Spirit   .    e - +1 robe {rF+}
rPois   .          Reflect  .    g - +0 helmet
rElec   .          Harm     .    (no cloak)
rCorr   .          Rampage  .    (no gloves)
Will    .....                    (no boots)
Stlth   ++                       (no amulet)
HPRegen 0.24/turn                (no ring)
MPRegen 0.13/turn                (no ring)

@: very slightly contaminated
A: no striking features
a: no special abilities


You were on level 2 of the Dungeon.
You visited 1 branch of the dungeon, and saw 2 of its levels.

You collected 81 gold pieces.

Inventory:

Hand Weapons
 f - a +1 sling of flaming
 h - a +0 dagger of venom (weapon)
Missiles
 i - a throwing net
Armour
 e - a +1 robe of fire resistance (worn)
 g - a +0 helmet (worn)
 j - a +1 ring mail of fire resistance
Scrolls
 a - a scroll of identify {unknown}
 c - a scroll of brand weapon {unknown}
Potions
 b - 2 potions of cancellation {unknown}
 d - a potion of magic


   Skills:
 - Level 1.0 Fighting
 - Level 1.0 Armour
 + Level 2.5 Dodging
 + Level 2.6 Stealth
 * Level 5.5 Spellcasting
 + Level 2.1 Conjurations
 - Level 1.1 Summonings
 - Level 1.1 Translocations


You had 6 spell levels left.
You knew the following spells:

 Your Spells              Type           Power      Damage    Failure   Level
a - Magic Dart            Conj           56%        1d5       4%          1
b - Mephitic Cloud        Conj/Pois/Air  8%         N/A       22%         3
c - Call Imp              Summ           10%        N/A       10%         2
d - Blink                 Tloc           20%        N/A       10%         2

Your spell library contained the following spells:

 Spells                   Type           Power      Damage    Failure   Level
 Slow                     Hex            20%        N/A       11%         1
 Cigotuvi's Dreadful Rot  Necr/Pois/Air  10%        N/A       16%         2
 Scorch                   Fire           10%        2d6       16%         2
 Flame Wave               Conj/Fire      10%        2d6       54%         4
 Summon Cactus Giant      Summ           5%         N/A       100%        6


Dungeon Overview and Level Annotations

Branches:
Dungeon (2/15)

Altars:


Message History

The gnoll hits the gnoll with a +0 whip.
The gnoll barely misses itself.
You hit the worm.
The worm is heavily wounded.
You hit the worm.
The worm is poisoned.
The worm is heavily wounded.
The worm is engulfed in noxious fumes.
The worm appears confused.
The gnoll is engulfed in noxious fumes.
The gnoll appears confused.
The gnoll hits you from afar with a +0 halberd!
You hit the worm but do no damage.
The worm looks even sicker.
The worm is heavily wounded.
The gnoll closely misses you.
You hit the worm.
The worm looks as sick as possible!
The worm is severely wounded.
The worm seems less confused.
You hit the worm.
The worm looks as sick as possible!
The worm is almost dead.
You kill the worm!
You barely miss the gnoll.
The gnoll is moderately wounded.
The gnoll barely misses you.
Casting: Mephitic Cloud (extremely dangerous; 22% risk of failure)
Confirm with . or Enter, or press ? or * to list all spells.
You don't have enough magic to cast this spell.
There are monsters nearby!
Unknown command.
Unknown command.
Casting: Mephitic Cloud (extremely dangerous; 22% risk of failure)
Confirm with . or Enter, or press ? or * to list all spells.
The spell is extremely dangerous to miscast (22% risk of failure)!
Continue anyway?
Aiming: Mephitic Cloud (extremely dangerous; 22% risk of failure)
Press: ? - help, Shift-Dir - straight line, f - gnoll
Aim: a gnoll, wielding a +0 flail (moderately wounded, chance to affect: 91%) That beam is likely to hit you.
Continue anyway?
You miscast Mephitic Cloud.
You are very lightly contaminated with residual magic.
There is a short, sharp shower of sparks!
The gnoll hits you but does no damage.
The gnoll hits you from afar with a +0 halberd!
You die...

######
######....##.#######
#....#....##.......# #
#.#................# #.# #
#.#..#.............#
#...#.#..................#
#.....######.............#
.......)..gg@............#
........###.#.##.........#
........# #.#........###.#
........# #.###......# #.#
....)...# #......##### #.#
........####...)## ####.#
.....####.....).# #....#
..... #.......#####.####
.....
#...[.........#######


You could see 2 gnolls.

Vanquished Creatures
  Robin (D:2)
  A gnoll (D:2)
  A dart slug (D:1)
  2 worms (D:2)
  4 bats
  2 endoplasms (D:1)
  2 giant cockroaches
  12 goblins
  6 hobgoblins
  2 jackals (D:1)
  2 quokkas
  2 ball pythons (D:1)
  2 frilled lizards
  2 kobolds
  2 rats
43 creatures vanquished.

Notes
Turn   | Place    | Note
-------+----------+-------------------------------------------
     0 | D:1      | pokeman the Deep Elf Hedge Wizard began the quest for the
                  | Orb.
     0 | D:1      | Reached XP level 1. HP: 10/10 MP: 7/7
   298 | D:1      | Reached XP level 2. HP: 16/16 MP: 6/9
   327 | D:1      | Upgraded the game from 0.30-a0-639-g3916f1956a to
                  | 0.30-a0-652-gcc886f7154
   835 | D:1      | Reached skill level 5 in Spellcasting
  1103 | D:2      | Reached XP level 3. HP: 18/20 MP: 11/11
  1112 | D:2      | Learned a level 3 spell: Mephitic Cloud
  1115 | D:2      | Learned a level 2 spell: Call Imp
  1118 | D:2      | Learned a level 2 spell: Blink
  1236 | D:2      | Noticed Robin
  1354 | D:2      | Killed Robin
  1355 | D:2      | Reached skill level 1 in Fighting
  1355 | D:2      | Reached skill level 1 in Armour
  1545 | D:2      | Reached XP level 4. HP: 24/25 MP: 4/13
  1556 | D:2      | Slain by a gnoll

Illustrated notes

Levels and vault maps discovered:
D:1:      dreamdust_arrival_beginning_and_end, layout_rooms,
          hangedman_decor_clover_reticule
D:2:      layout_basic, serial_shops, shop_fountains, uniq_sigmund, uniq_robin

Skill      XL: |  1  2  3 |
---------------+----------+-----
Spellcasting   | 5 |  5.5
Fighting       | 1 |  1.0
Armour         | 1 |  1.0
Conjurations   | 2 |  2.1
Dodging        | |  2.5
Stealth        | |  2.6
Summonings     | |  1.1
Translocations | |  1.1

Action                   |  1- 3 |  4- 6 || total
-------------------------+-------+-------++-------
Melee: Dagger            |     3 |     6 ||     9
 Fire: Sling             |    23 |       ||    23
 Cast: Magic Dart        |    86 |       ||    86
       Mephitic Cloud    |     2 |     1 ||     3
 Stab: Confused          |     1 |       ||     1
Armor: Robe              |    11 |     1 ||    12
Dodge: Dodged            |    28 |     2 ||    30

Table legend: (Time is in decaauts)
 A = Elapsed time spent in this place.
 B = Non-inter-level travel time spent in this place.
 C = Inter-level travel time spent in this place.
 D = Time resting spent in this place.
 E = Time spent auto-exploring this place.
 F = Levels seen in this place.
 G = Mean time per level.
                   A        B        C        D        E       F      G
               +--------+--------+--------+--------+--------+-----+--------+
         Total |   1565 |   1507 |     58 |     49 |   1149 |   2 |  782.5 |
       Dungeon |   1565 |   1507 |     58 |     49 |   1149 |   2 |  782.5 |
               +--------+--------+--------+--------+--------+-----+--------+

Top non-repeatable levels by time:
     D:1: 1143 daAuts
     D:2: 421 daAuts
